 Seeded DCSS version 0.29-a0-43-g62a80824bf (webtiles) character file.

Game seed: 16603882162921618398 (custom seed)

15 riojii the Scratcher (level 2, 0/12 HPs)
             Began as a Felid Transmuter on Feb 3, 2022.
             Constricted to death by a ball python (1 damage)
             ... on level 1 of the Dungeon.
             The game lasted 00:00:34 (461 turns).

riojii the Scratcher (Felid Transmuter)              Turns: 461, Time: 00:00:34

Health: 0/12       AC:  1    Str:  6    XL:     2   Next: 34%
Magic:  6/6        EV: 14    Int: 14    God:
Gold:   31         SH:  0    Dex: 16    Spells: 4/5 levels left
                                        Lives:  0   Deaths: 0

rFire   . . .      SeeInvis +     - Unarmed
rCold   . . .      Faith    .   (shield unavailable)
rNeg    . . .      Spirit   .   (armour unavailable)
rPois   .          Reflect  .   (helmet unavailable)
rElec   .          Harm     .   (cloak unavailable)
rCorr   .          Rampage  .   (gloves unavailable)
Will    .....                   (boots unavailable)
Stlth   +.........              (no amulet)
HPRegen 0.04/turn               (no ring)
MPRegen 0.10/turn               (no ring)

@: appendages (expiring), constricted, quick
A: horns 2, very small, claws 1, fangs 3, see invisible, speed 1, shaggy fur 1,
stealthy paws, no weapons or thrown items, no armour, multi-lived
a: End Transformation


You were on level 1 of the Dungeon.
You had temporarily grown beastly horns.
You visited 1 branch of the dungeon, and saw 1 of its levels.

You collected 31 gold pieces.

Inventory:

Scrolls
 a - 3 scrolls of acquirement {unknown}
Potions
 b - 3 potions of lignification {unknown}


   Skills:
 + Level 1.1 Fighting
 + Level 2.9 Dodging
 * Level 3.2 Unarmed Combat
 + Level 2.1 Spellcasting
 * Level 2.6 Transmutations


You had 4 spell levels left.
You knew the following spells:

 Your Spells              Type           Power      Damage    Failure   Level
a - Beastly Appendage     Tmut           16%        N/A       8%          1

Your spell library contained the following spells:

 Spells                   Type           Power      Damage    Failure   Level
 Wereblood                Tmut           8%         N/A       12%         2
 Spider Form              Tmut/Pois      5%         N/A       38%         3
 Call Canine Familiar     Summ           1%         N/A       56%         3
 Ice Form                 Ice/Tmut       5%         N/A       80%         4
 Leda's Liquefaction      Hex/Erth       0%         N/A       93%         4
 Portal Projectile        Hex/Tloc       Unusable   N/A       N/A         3

Dungeon Overview and Level Annotations

Branches:
Dungeon (1/15)

Altars:


Innate Abilities, Weirdness & Mutations

You have temporarily grown beastly horns.
You have sharp claws.
You have razor-sharp teeth.
You have supernaturally acute eyesight. (SInv)
You cover ground quickly. (Speed+)
You are covered in fur. (AC +1)
Your paws help you pounce on unaware monsters.
You are incapable of wielding weapons or throwing items.
You cannot wear armour.
You gain extra lives every three experience levels.


Message History

A frilled lizard is nearby!
A frilled lizard is nearby!
A frilled lizard is nearby!
A frilled lizard is nearby!
You grow a pair of large bovine horns.
A goblin and a kobold come into view.
Found a scroll labelled ZUGRAL VAPNOAKH.
The frilled lizard bites you.
You miss the frilled lizard.
The frilled lizard hisses.
The frilled lizard barely misses you.
You scratch the frilled lizard. You headbutt the frilled lizard.
You kill the frilled lizard!
The kobold shouts!
A ball python comes into view.
The goblin hits you but does no damage.
You see here a frilled lizard corpse.
You barely miss the goblin. You headbutt the goblin.
You kill the goblin!
The kobold hits you with a +0 whip.
You closely miss the kobold. The kobold closely misses you.
You scratch the kobold.
You kill the kobold!
The ball python barely misses you. The ball python grabs you.
The ball python constricts you.
You are too injured to fight recklessly!
You are too injured to fight recklessly!
You are too injured to fight recklessly!
You are too injured to fight recklessly!
You are too injured to fight recklessly!
You are too injured to fight recklessly!
You closely miss the ball python.
Your transformation is almost over.
The ball python bites you. The ball python constricts you.
The ball python barely misses you. The ball python constricts you.
You completely miss the ball python. Your bite misses the ball python.
The ball python bites you.
* * * LOW HITPOINT WARNING * * *
The ball python constricts you.
You die...

############
##..........## ###
###............## #..
................######..
........................
........................
#.......)†..............
..................####..
.......@..>....##..# ###
......)S......###..#
........###..## #..#
.......?. #.?# #..#
......... #.## #...
............. ..?..
......##.##. ...... ....


You could see a ball python.

Vanquished Creatures
  3 ball pythons (D:1)
  An endoplasm (D:1)
  A goblin (D:1)
  3 hobgoblins (D:1)
  A bat (D:1)
  A frilled lizard (D:1)
  A kobold (D:1)
  4 rats (D:1)
15 creatures vanquished.

Notes
Turn   | Place    | Note
-------+----------+-------------------------------------------
     0 | D:1      | riojii the Felid Transmuter began the quest for the Orb.
     0 | D:1      | Reached XP level 1. HP: 9/9 MP: 4/4
   279 | D:1      | Reached XP level 2. HP: 11/12 MP: 4/6
   461 | D:1      | Constricted to death by a ball python

Illustrated notes

Levels and vault maps discovered:
D:1:      dpeg_arrival_rhombi, layout_rooms, hellmonk_ecumenical_altar_blasted,
          minmay_misc_feat_five, corexii_leaking_fountain,
          minmay_small_reverse_x

Action                   || total
-------------------------++-------
Melee: Unarmed           ||    27
       Headbutt          ||     5
       Punch             ||     2
       Bite              ||     1
 Cast: Beastly Appendage ||    11
 Stab: Sleeping          ||     2
Armor: Skin              ||     1
Dodge: Dodged            ||    18

Table legend: (Time is in decaauts)
 A = Elapsed time spent in this place.
 B = Non-inter-level travel time spent in this place.
 C = Inter-level travel time spent in this place.
 D = Time resting spent in this place.
 E = Time spent auto-exploring this place.
 F = Levels seen in this place.
 G = Mean time per level.
                   A        B        C        D        E       F      G
               +--------+--------+--------+--------+--------+-----+--------+
         Total |    430 |    430 |      0 |      0 |    337 |   1 |  430.0 |
       Dungeon |    430 |    430 |      0 |      0 |    337 |   1 |  430.0 |
               +--------+--------+--------+--------+--------+-----+--------+

Top non-repeatable levels by time:
     D:1: 430 daAuts
